 Dungeon Crawl Stone Soup version 0.28.0-53-g5a82cb258f (webtiles) character file.

Game seed: 16650061273459987899

49 quokkamancerX the Slasher (level 3, -1/29 HPs)
             Began as a Demonspawn Berserker on May 29, 2022.
             Was a Believer of Trog.
             Killed from afar by a dart slug (3 damage)
             ... with a slug dart
             ... on level 2 of the Dungeon.
             The game lasted 00:03:02 (1237 turns).

quokkamancerX the Slasher (Demonspawn Berserker)    Turns: 1237, Time: 00:03:02

Health: -1/29      AC:  5    Str: 19    XL:     3   Next: 51%
Magic:  3/3        EV: 11    Int:  8    God:    Trog [**....]
Gold:   8          SH:  0    Dex: 12    Spells: 2/2 levels left

rFire   . . .      SeeInvis .   a - +0 falchion
rCold   . . .      Faith    .   (no shield)
rNeg    . . .      Spirit   .   c - +0 ring mail
rPois   .          Reflect  .   (no helmet)
rElec   .          Harm     .   (no cloak)
rCorr   .          Rampage  .   (no gloves)
Will    .....                   (no boots)
Stlth   +.........              (no amulet)
HPRegen 0.09/turn               (no ring)
MPRegen 0.08/turn               (no ring)

@: no status effects
A: weakness stinger 2
a: Renounce Religion, Berserk, Trog's Hand


You were on level 2 of the Dungeon.
You worshipped Trog.
Trog was pleased with you.
You visited 1 branch of the dungeon, and saw 2 of its levels.

You collected 8 gold pieces.

Inventory:

Hand Weapons
 a - a +0 falchion (weapon)
Armour
 c - a +0 ring mail (worn)
Potions
 b - a potion of curing {unknown}


   Skills:
 - Level 3.0 Fighting
 + Level 4.2 Long Blades
 - Level 1.7 Armour
 - Level 1.7 Dodging


You had 2 spell levels left.
You didn't know any spells.
Your spell library was empty.

Dungeon Overview and Level Annotations

Branches:
Dungeon (2/15)

Altars:

Annotations:
D:2 Sigmund


Innate Abilities, Weirdness & Mutations

You have a tail ending in a sharp stinger.


Message History

d - a +6 ring of intelligence You drop a +6 ring of intelligence.
You see here a +6 ring of intelligence.
A rat comes into view.
Found 8 gold pieces.
A dart slug comes into view.
Sigmund the Dreaded comes into view.
He is wielding a +0 scythe.
Found a thin beryl amulet.
Sigmund shouts!
You hear a bark!
The rat bites you but does no damage.
You hit the rat.
You kill the rat!
Trog accepts your kill. Sigmund gestures at you while chanting.
The puff of flame hits you!
A jackal comes into view.
Sigmund points at you and mumbles some strange words.
You are confused.
Sigmund casts a spell at you. The magic dart hits you!
Sigmund laughs darkly.
Sigmund gestures wildly while chanting.
Sigmund flickers and vanishes!
Deactivating autopickup; reactivate with Ctrl-A.
The dart slug launches a dart at you.
The slug dart hits you but does no damage.
Okay, then.
Found 10 gold pieces.
You feel less confused.
A ball python comes into view.
The dart slug bites you but does no damage.
A magic dart appears from out of thin air!
The magic dart hits you!
* * * LOW HITPOINT WARNING * * *
The ball python hisses angrily.
The jackal bites you but does no damage.
Found a stone staircase leading down.
The jackal closely misses you. The dart slug launches a dart at you.
The slug dart hits you.
You die...

#....# ##..(.|.. #..(.#
######### ##.### #.# #
######### #.# #.#
#.......# #)# #.# #
#.......# #.# #># ##
#.......####.#####.## ##.
#.....<.............####..
#.......#@.......#........
#########h.......##.##....
#.........##.=#....
...#.........###.#....
..............# #.#....
....#####wS######......
......#####..#......#.#.
...............####[#.#.
.>................#.#.#.


You could see a dart slug, a jackal and a ball python.

Vanquished Creatures
  A gnoll (D:1)
  2 dart slugs (D:1)
  3 bats (D:1)
  4 endoplasms
  A giant cockroach (D:1)
  2 goblins (D:1)
  4 hobgoblins
  A quokka (D:1)
  4 ball pythons
  A frilled lizard (D:1)
  3 kobolds (D:1)
  7 rats
33 creatures vanquished.

Notes
Turn   | Place    | Note
-------+----------+-------------------------------------------
     0 | D:1      | quokkamancerX the Demonspawn Berserker began the quest for
                  | the Orb.
     0 | D:1      | Reached XP level 1. HP: 18/18 MP: 1/1
   205 | D:1      | Reached skill level 3 in Long Blades
   236 | D:1      | Gained mutation: You have a small tail. [demonic ancestry]
   236 | D:1      | Reached XP level 2. HP: 19/24 MP: 2/2
   542 | D:1      | Gained mutation: You have a tail ending in a sharp stinger.
                  | [demonic ancestry]
   542 | D:1      | Reached XP level 3. HP: 29/29 MP: 3/3
   624 | D:1      | Reached skill level 4 in Long Blades
   853 | D:1      | Reached ** piety under Trog
   893 | D:1      | Found a faded altar of an unknown god.
  1222 | D:2      | Noticed Sigmund
  1228 | D:2      | HP: 1/29 [something/magic dart (8)]
  1237 | D:2      | Killed from afar by a dart slug

Illustrated notes

Levels and vault maps discovered:
D:1:      lemuel_arrival_tunnels, layout_basic,
          shapermc_ecumenical_altar_mp_vishouse,
          hangedman_abyss_or_decor_lesser_grid
D:2:      layout_rooms, minmay_randomly_rotated_circles, uniq_sigmund

Skill      XL: |  1  2  3 |
---------------+----------+-----
Long Blades    | 3 4 |  4.2
Fighting       | |  3.0
Armour         | |  1.7
Dodging        | |  1.7

Action                   || total
-------------------------++-------
Melee: Falchion          ||    87
       Tailslap          ||     6
Invok: Berserk           ||     1
Armor: Animal skin       ||     6
       Ring mail         ||    15
Dodge: Dodged            ||    46
